 Dungeon Crawl Stone Soup version 0.22-a0-757-gdba82d8 (webtiles) character file.

1092 Ghella the Cudgeler (level 8, -1/78 HPs)
             Began as a Troll Monk on July 16, 2018.
             Was a Believer of Trog.
             Slain by an ice beast (9 damage)
             ... on level 6 of the Dungeon.
             The game lasted 00:17:05 (8575 turns).

Ghella the Cudgeler (Troll Monk)                    Turns: 8575, Time: 00:17:06

Health: -1/78      AC:  7    Str: 22    XL:     8   Next: 9%
Magic:  7/7        EV: 12    Int:  6    God:    Trog [**....]
Gold:   215        SH:  0    Dex: 12    Spells: 7/7 levels left

rFire    . . .     SeeInvis .   a - +0 mace
rCold    . . .     Gourm    +   (no shield)
rNeg     . . .     Faith    .   b - +0 robe
rPois    .         Spirit   .   (helmet restricted)
rElec    .         Reflect  .   g - +1 cloak
rCorr    .         Harm     .   (gloves unavailable)
MR       .....                  (boots unavailable)
Stlth    +.........             (no amulet)
HPRegen  0.63/turn              l - ring of flight
MPRegen  0.10/turn              (no ring)

@: confused, starving
A: large, unfitting armour, claws 3, fast metabolism 3, gourmand, regeneration
1, shaggy fur 1, tough skin 2
a: Berserk, Trog's Hand, Renounce Religion, Evoke Flight


You were on level 6 of the Dungeon.
You worshipped Trog.
Trog was pleased with you.
You were starving.

You visited 1 branch of the dungeon, and saw 6 of its levels.

You collected 215 gold pieces.

Inventory:

Hand Weapons
 a - a +0 mace (weapon)
 i - a -2 whip
Armour
 b - a +0 robe (worn)
 g - a +1 cloak (worn)
Jewellery
 l - a ring of flight (left claw)
Wands
 h - a wand of polymorph (8)
Scrolls
 d - 2 scrolls of fear
 j - a scroll of teleportation
 r - 5 scrolls of identify
Potions
 f - a potion of flight


   Skills:
 + Level 4.1 Fighting
 * Level 6.8 Maces & Flails
 + Level 5.0 Dodging
 - Level 1.0 Stealth


You had 7 spell levels left.
You didn't know any spells.
Your spell library was empty.

Dungeon Overview and Level Annotations

Branches:
Dungeon (6/15)
 Temple: D:4-7

Altars:
Elyvilon
Gozag
Trog
Zin

Annotations:
D:5 Prince Ribbit


Innate Abilities, Weirdness & Mutations

You are too large for most types of armour.
You have claws for hands.
Your metabolism is lightning-fast.
You like to eat raw meat.
Your natural rate of healing is unusually fast.
You are covered in fur. (AC +1)
You have very tough skin. (AC +2)


Message History

You hit the ice beast but do no damage.
The ice beast is heavily wounded.
The ice beast hits you but does no damage.
You hit the ice beast but do no damage.
The ice beast is heavily wounded.
The ice beast barely misses you.
You barely miss the ice beast.
The ice beast is heavily wounded.
The ice beast barely misses you.
You barely miss the ice beast.
The ice beast is heavily wounded.
The ice beast hits you.
* * * LOW HITPOINT WARNING * * *
The ice beast freezes you!
* * * LOW HITPOINT WARNING * * *
You are confused.
You feel invigorated. The ice beast hits you.
* * * LOW HITPOINT WARNING * * *
The ice beast freezes you!
You die...

############.
#............
#.##.........
#<...@Y......
#.#.......###
#....##....#
....### ....#
###.## #####
... #... #...


You could see an ice beast.

Vanquished Creatures
  Sigmund (D:5)
  Purgy (D:4)
  A phantom (D:5)
  An ogre (D:4)
  A centaur (D:5)
  A scorpion (D:5)
  2 howler monkeys
  A crimson imp (D:5)
  A centaur zombie (D:3)
  A hound (D:5)
  A gnoll shaman (D:3)
  Ijyb (D:5)
  2 iguanas
  4 worker ants
  4 gnolls
  3 adders
  2 oozes
  2 dart slugs
  2 worms
  8 orcs
  A ball python (D:2)
  10 bats
  4 giant cockroaches
  9 goblins
  3 hobgoblins (D:1)
  7 jackals
  5 quokkas
  6 frilled lizards
  5 kobolds
  6 rats
96 creatures vanquished.

Vanquished Creatures (others)
  A quokka (D:4)
1 creature vanquished.

Grand Total: 97 creatures vanquished

Notes
Turn   | Place    | Note
-------+----------+-------------------------------------------
     0 | D:1      | Ghella the Troll Monk began the quest for the Orb.
     0 | D:1      | Reached XP level 1. HP: 22/22 MP: 0/0
   197 | D:1      | Reached XP level 2. HP: 29/29 MP: 1/1
   338 | D:1      | Reached skill level 3 in Maces & Flails
   895 | D:1      | Reached XP level 3. HP: 30/36 MP: 2/2
  1589 | D:2      | Found a glowing silver altar of Zin.
  2074 | D:3      | Reached XP level 4. HP: 19/44 MP: 3/3
  3108 | D:3      | Found a bloodstained altar of Trog.
  3149 | D:3      | Became a worshipper of Trog the Wrathful
  3149 | D:3      | Reached * piety under Trog
  3149 | D:3      | Reached ** piety under Trog
  3231 | D:3      | Reached skill level 4 in Maces & Flails
  3458 | D:4      | Reached XP level 5. HP: 45/53 MP: 4/4
  3768 | D:4      | Found a white marble altar of Elyvilon.
  3768 | D:4      | Noticed Purgy
  3969 | D:4      | Noticed an ogre
  3989 | D:4      | Killed an ogre
  3989 | D:4      | Reached XP level 6. HP: 28/61 MP: 5/5
  4101 | D:4      | Found an opulent altar of Gozag.
  5316 | D:5      | Entered Level 5 of the Dungeon
  5347 | D:5      | Noticed Ijyb
  5768 | D:5      | Reached skill level 5 in Maces & Flails
  5840 | D:5      | HP: 1/61 [iguana (5)]
  6524 | D:4      | Killed Purgy
  6524 | D:4      | Reached XP level 7. HP: 67/67 MP: 6/6
  6750 | D:5      | Killed Ijyb
  7726 | D:5      | Noticed Sigmund
  7740 | D:5      | Killed Sigmund
  7740 | D:5      | Reached skill level 6 in Maces & Flails
  8401 | D:5      | Reached XP level 8. HP: 67/78 MP: 7/7
  8478 | D:5      | Reached skill level 5 in Dodging
  8499 | D:5      | Noticed Prince Ribbit
  8575 | D:6      | Slain by an ice beast

Vault maps used:
D:1:      minmay_arrival_radiant_lines, minivault_11, hex_large
D:2:      zin_treasury, glass_columns_c, minmay_cut_off
D:3:      first_ration, bloody_trog
D:4:      overflow_temple_1_default, elyvilon_altar_4,
          kennysheep_generic_room_2, uniq_purgy
D:5:      lemuel_coloured_pillars_altar, serial_curves, eino_curves_02,
          eino_curves_01, roderic_serpentine_path, uniq_ijyb, uniq_sigmund,
          uniq_prince_ribbit1
D:6:      minmay_temple_entry_hall

Skill      XL: |  1  2  3  4  5  6  7  8 |
---------------+-------------------------+-----
Maces & Flails | 3 4 5 6 |  6.8
Dodging        | 3 4 5 |  5.0
Fighting       | 3 4 |  4.1
Stealth        | |  1.0

Action                   |  1- 3 |  4- 6 |  7- 9 || total
-------------------------+-------+-------+-------++-------
Melee: Mace              |   110 |       |   110 ||   220
       Whip              |    61 |   446 |    94 ||   601
       Unarmed           |       |       |    17 ||    17
Invok: Berserk           |       |     1 |       ||     1
  Use: Scroll            |     4 |     4 |     1 ||     9
       Potion            |       |    10 |     1 ||    11
 Stab: Sleeping          |     6 |     3 |       ||     9
  Eat: Chunk             |    11 |    14 |     9 ||    34
       Ration            |     1 |     8 |     3 ||    12
Armor: Robe              |    91 |   185 |    34 ||   310
       Skin              |       |       |    16 ||    16
Dodge: Dodged            |   126 |   281 |   105 ||   512

Table legend:
 A = Spawn XP
 B = Non-spawn XP
 C = Spawn XP percentage of total XP
 D = Spawn monster count
 E = Non-spawn monster count
 F = Spawn count percentage of total count
 G = Total turns spent on level
                    A         B        C        D         E        F      G
               +---------+---------+-------+---------+---------+-------+---------
         Total |       0 |    1561 |   0.0 |       0 |      96 |   0.0 |  8575
               +---------+---------+-------+---------+---------+-------+---------
           D:1 |       0 |      47 |   0.0 |       0 |      28 |   0.0 |  1059
           D:2 |       0 |      42 |   0.0 |       0 |      17 |   0.0 |  1557
           D:3 |       0 |     170 |   0.0 |       0 |      24 |   0.0 |  1468
           D:4 |       0 |     444 |   0.0 |       0 |      14 |   0.0 |  3001
           D:5 |       0 |     858 |   0.0 |       0 |      13 |   0.0 |  1441
               +---------+---------+-------+---------+---------+-------+---------
